 Dungeon Crawl Stone Soup version 0.17.0-56-gd8de76c (webtiles) character file.

764 HEYYEYAAE the Changer (level 7, -9/36 HPs)
             Began as a Spriggan Transmuter on Dec 4, 2015.
             Mangled by an ogre
             ... wielding a +0 giant club
              (20 damage)
             ... on level 4 of the Dungeon.
             The game lasted 00:07:24 (4506 turns).

HEYYEYAAE the Changer (Spriggan Transmuter)         Turns: 4506, Time: 00:07:24

Health: -9/36      AC:  8    Str:  8    XL:     7   Next: 51%
Magic:  14/16      EV: 20    Int: 14    God:
Gold:   215        SH:  0    Dex: 17    Spells: 4 memorised, 6 levels left

rFire  . . .     SeeInvis +     t - +2 quarterstaff (protect)
rCold  . . .     Clarity  +     b - +1 robe
rNeg   + . .     SustAt   .     (shield currently unavailable)
rPois  .         Gourm    .     (helmet restricted)
rElec  .         Spirit   .     (no cloak)
rCorr  .         Warding  .     (gloves unavailable)
rMut   .         Stasis   .     (boots unavailable)
MR     +....                    r - amulet of clarity
Stlth  ++........               p - ring of wizardry
                                g - ring of positive energy

@: very quick, somewhat resistant to hostile enchantments, unstealthy
A: unfitting armour, see invisible, herbivore 3, speed 3, slow metabolism 2
a: no special abilities


You were on level 4 of the Dungeon.
You were not hungry.

You visited 1 branch of the dungeon, and saw 4 of its levels.

You collected 215 gold pieces.

Inventory:

Hand Weapons
 t - a +2 quarterstaff of protection (weapon)
 v - a +1 dagger of freezing
Missiles
 a - 39 arrows
Armour
 b - a +1 robe (worn)
Jewellery
 f - an uncursed ring of fire
 g - a ring of positive energy (left hand)
 p - a ring of wizardry (right hand)
 r - an amulet of clarity (around neck)
Wands
 n - a wand of disintegration (4)
Scrolls
 h - 2 scrolls of noise
 k - a scroll of fog
 l - 2 scrolls of fear
 m - a scroll of amnesia
 o - a scroll of identify
 q - 4 scrolls of teleportation
 u - a scroll of enchant weapon {unknown}
Potions
 e - a potion of heal wounds {unknown}
 i - 3 potions of cancellation
 s - 4 potions of brilliance
Books
 c - a book of Changes

   Spells                             Type                      Level
   a - Beastly Appendage              Transmutation                1
   b - Sticks to Snakes               Transmutation                2
   c - Spider Form                    Transmutation/Poison         3
   d - Ice Form                       Ice/Transmutation            4
   e - Blade Hands                    Transmutation                5
Comestibles
 d - 2 bread rations


   Skills:
 * Level 3.4 Fighting
 + Level 4.8 Dodging
 + Level 3.2 Unarmed Combat
 * Level 5.7 Spellcasting
 * Level 6.4 Transmutations


You had 6 spell levels left.
You knew the following spells:

 Your Spells              Type           Power        Failure   Level  Hunger
a - Beastly Appendage     Trmt           ###...       1%          1    None
b - Sticks to Snakes      Trmt           ###.......   1%          2    ##.....
c - Spider Form           Trmt/Pois      ##........   6%          3    ###....
d - Blade Hands           Trmt           ###.......   16%         5    ######.


Dungeon Overview and Level Annotations

Branches:
Dungeon (4/15)
 Temple: D:4-7

Altars:
Dithmenos
Kikubaaqudgha
Yredelemnul


Innate Abilities, Weirdness & Mutations

You are tiny and cannot use many weapons and most armour.
You have supernaturally acute eyesight.
You are a herbivore.
You cover ground extremely quickly.
You need consume almost no food.


Message History

Your +1 robe melds into your body.
You feel less protected.
You bite the ogre!
The ogre is moderately wounded.
The ogre closely misses you.
You hit the ogre.
The ogre is heavily wounded.
The ogre misses you.
You hit the ogre.
The ogre is heavily wounded.
The ogre hits you with a giant club!
* * * LOW HITPOINT WARNING * * *
You hit the ogre.
The ogre is poisoned.
The ogre is severely wounded.
Unknown command.
Your transformation has ended.
Your +2 quarterstaff of protection unmelds from your body.
Your +1 robe unmelds from your body.
You feel protected! The ogre hits you with a giant club!!
Ouch! That really hurt!
You die...

....#.#...#.###......#.##....#
......#.>.#..........#.##.##.#
.............##......#.##.##.#
#.#####...#####......#.......#
#................########.####
...#####.#######.# ##O..###
...# #.#...###### #......#
...# #.>...##...### #......#
...## ###[..##_@O'.# #..)...#
....# #.#..#...#.####....##
....# #...######..######.#
....# ######..........O..#
....# #.......########
....##### #.##...## ........#
#.###.## ....###.# #.# ###
#.### #.# ##.#


You could see an ogre.

Vanquished Creatures
  A phantom (D:4)
  A giant frog (D:2)
  2 orc priests (D:4)
  5 orc wizards
  Ijyb (D:3)
  3 hounds (D:4)
  An iguana (D:4)
  2 worker ants (D:4)
  4 adders
  3 gnolls (D:3)
  2 oozes
  4 worms
  2 giant geckos
  18 orcs
  5 bats
  3 giant cockroaches
  5 hobgoblins (D:1)
  3 kobolds
  A giant gecko skeleton (D:4)
  5 giant newts
  5 goblins
  8 rats
84 creatures vanquished.

Vanquished Creatures (collateral kills)
  The ghost of HEYYEYAAE the Magician, an amateur SpTm of Okawaru (D:3)
1 creature vanquished.

Grand Total: 85 creatures vanquished

Notes
Turn   | Place    | Note
--------------------------------------------------------------
     0 | D:1      | HEYYEYAAE the Spriggan Transmuter began the quest for the Orb.
     0 | D:1      | Reached XP level 1. HP: 9/9 MP: 5/5
    72 | D:1      | Reached skill level 1 in Fighting
   197 | D:1      | Reached XP level 2. HP: 8/14 MP: 6/6
   208 | D:1      | Learned a level 2 spell: Sticks to Snakes
   820 | D:2      | Reached XP level 3. HP: 16/18 MP: 6/8
   821 | D:2      | Found an ancient bone altar of Kikubaaqudgha.
  1103 | D:2      | Learned a level 3 spell: Spider Form
  1280 | D:3      | Reached skill level 4 in Transmutations
  1295 | D:3      | Reached XP level 4. HP: 7/22 MP: 3/10
  1585 | D:3      | Noticed Ijyb
  1598 | D:3      | Killed Ijyb
  1758 | D:3      | Noticed HEYYEYAAE's ghost (amateur SpTm)
  1869 | D:2      | Noticed a giant frog
  1878 | D:2      | Killed a giant frog
  1878 | D:2      | Reached XP level 5. HP: 3/26 MP: 8/12
  2198 | D:3      | Killed HEYYEYAAE's ghost
  2198 | D:3      | Reached skill level 5 in Transmutations
  2472 | D:3      | Reached XP level 6. HP: 20/30 MP: 9/13
  2638 | D:4      | Found a basalt altar of Yredelemnul.
  2717 | D:4      | Learned a level 5 spell: Blade Hands
  3411 | D:4      | Reached skill level 5 in Spellcasting
  3416 | D:4      | Reached XP level 7. HP: 26/35 MP: 13/15
  3552 | D:4      | Reached skill level 6 in Transmutations
  4355 | D:4      | Found a shadowy altar of Dithmenos.
  4506 | D:4      | Mangled by an ogre

Action                   |  1- 3 |  4- 6 |  7- 9 || total
-------------------------+-------+-------+-------++-------
Melee: Unarmed           |    88 |    79 |    22 ||   189
       Dagger            |    17 |       |       ||    17
       Quarterstaff      |    10 |    57 |    38 ||   105
 Cast: Beastly Appendage |    16 |       |       ||    16
       Spider Form       |     2 |    10 |     5 ||    17
       Sticks to Snakes  |       |     6 |     6 ||    12
 Abil: End Transformatio |       |       |     2 ||     2
Evoke: Wand              |       |       |     6 ||     6
  Use: Scroll            |     7 |     2 |     2 ||    11
       Potion            |       |     2 |     1 ||     3
 Stab: Sleeping          |     2 |     6 |       ||     8
  Eat: Royal jelly       |       |     1 |     1 ||     2
